%YAML 1.1
%TAG !u! tag:unity3d.com,2011:
--- !u!1 &8973028147189434720
GameObject:
  m_ObjectHideFlags: 0
  m_CorrespondingSourceObject: {fileID: 0}
  m_PrefabInstance: {fileID: 0}
  m_PrefabAsset: {fileID: 0}
  serializedVersion: 6
  m_Component:
  - component: {fileID: 8973028147189434723}
  - component: {fileID: 594296579255797243}
  m_Layer: 0
  m_Name: 2Slime1Mutant
  m_TagString: Untagged
  m_Icon: {fileID: 0}
  m_NavMeshLayer: 0
  m_StaticEditorFlags: 0
  m_IsActive: 1
--- !u!4 &8973028147189434723
Transform:
  m_ObjectHideFlags: 0
  m_CorrespondingSourceObject: {fileID: 0}
  m_PrefabInstance: {fileID: 0}
  m_PrefabAsset: {fileID: 0}
  m_GameObject: {fileID: 8973028147189434720}
  m_LocalRotation: {x: 0, y: 0, z: 0, w: 1}
  m_LocalPosition: {x: 0, y: 0, z: 0}
  m_LocalScale: {x: 1, y: 1, z: 1}
  m_Children:
  - {fileID: 2475323992124047048}
  - {fileID: 2475323990711251257}
  - {fileID: 5747528071677528053}
  m_Father: {fileID: 0}
  m_RootOrder: 0
  m_LocalEulerAnglesHint: {x: 0, y: 0, z: 0}
--- !u!114 &594296579255797243
MonoBehaviour:
  m_ObjectHideFlags: 0
  m_CorrespondingSourceObject: {fileID: 0}
  m_PrefabInstance: {fileID: 0}
  m_PrefabAsset: {fileID: 0}
  m_GameObject: {fileID: 8973028147189434720}
  m_Enabled: 1
  m_EditorHideFlags: 0
  m_Script: {fileID: 11500000, guid: 7ac7f82c93beccd4cbac8e3347e361a8, type: 3}
  m_Name: 
  m_EditorClassIdentifier: 
  initialEnemies: 4
--- !u!1001 &8044405556072306234
PrefabInstance:
  m_ObjectHideFlags: 0
  serializedVersion: 2
  m_Modification:
    m_TransformParent: {fileID: 8973028147189434723}
    m_Modifications:
    - target: {fileID: 2332911264116937152, guid: d01493bb60fb1424089073aa4848bcca,
        type: 3}
      propertyPath: m_Name
      value: MutantEnemy
      objectReference: {fileID: 0}
    - target: {fileID: 2332911264116937167, guid: d01493bb60fb1424089073aa4848bcca,
        type: 3}
      propertyPath: m_LocalPosition.x
      value: -0.04
      objectReference: {fileID: 0}
    - target: {fileID: 2332911264116937167, guid: d01493bb60fb1424089073aa4848bcca,
        type: 3}
      propertyPath: m_LocalPosition.y
      value: -0.165
      objectReference: {fileID: 0}
    - target: {fileID: 2332911264116937167, guid: d01493bb60fb1424089073aa4848bcca,
        type: 3}
      propertyPath: m_LocalPosition.z
      value: 0
      objectReference: {fileID: 0}
    - target: {fileID: 2332911264116937167, guid: d01493bb60fb1424089073aa4848bcca,
        type: 3}
      propertyPath: m_LocalRotation.x
      value: 0
      objectReference: {fileID: 0}
    - target: {fileID: 2332911264116937167, guid: d01493bb60fb1424089073aa4848bcca,
        type: 3}
      propertyPath: m_LocalRotation.y
      value: 0
      objectReference: {fileID: 0}
    - target: {fileID: 2332911264116937167, guid: d01493bb60fb1424089073aa4848bcca,
        type: 3}
      propertyPath: m_LocalRotation.z
      value: 0
      objectReference: {fileID: 0}
    - target: {fileID: 2332911264116937167, guid: d01493bb60fb1424089073aa4848bcca,
        type: 3}
      propertyPath: m_LocalRotation.w
      value: 1
      objectReference: {fileID: 0}
    - target: {fileID: 2332911264116937167, guid: d01493bb60fb1424089073aa4848bcca,
        type: 3}
      propertyPath: m_RootOrder
      value: 2
      objectReference: {fileID: 0}
    - target: {fileID: 2332911264116937167, guid: d01493bb60fb1424089073aa4848bcca,
        type: 3}
      propertyPath: m_LocalEulerAnglesHint.x
      value: 0
      objectReference: {fileID: 0}
    - target: {fileID: 2332911264116937167, guid: d01493bb60fb1424089073aa4848bcca,
        type: 3}
      propertyPath: m_LocalEulerAnglesHint.y
      value: 0
      objectReference: {fileID: 0}
    - target: {fileID: 2332911264116937167, guid: d01493bb60fb1424089073aa4848bcca,
        type: 3}
      propertyPath: m_LocalEulerAnglesHint.z
      value: 0
      objectReference: {fileID: 0}
    m_RemovedComponents: []
  m_SourcePrefab: {fileID: 100100000, guid: d01493bb60fb1424089073aa4848bcca, type: 3}
--- !u!4 &5747528071677528053 stripped
Transform:
  m_CorrespondingSourceObject: {fileID: 2332911264116937167, guid: d01493bb60fb1424089073aa4848bcca,
    type: 3}
  m_PrefabInstance: {fileID: 8044405556072306234}
  m_PrefabAsset: {fileID: 0}
--- !u!1001 &8973028147498076153
PrefabInstance:
  m_ObjectHideFlags: 0
  serializedVersion: 2
  m_Modification:
    m_TransformParent: {fileID: 8973028147189434723}
    m_Modifications:
    - target: {fileID: 6835487322988672705, guid: 831d311bc3cc7ea4d83da5eb46fb5f7d,
        type: 3}
      propertyPath: m_Name
      value: SlimeEnemy (1)
      objectReference: {fileID: 0}
    - target: {fileID: 6835487322988672704, guid: 831d311bc3cc7ea4d83da5eb46fb5f7d,
        type: 3}
      propertyPath: m_LocalPosition.x
      value: -0.895
      objectReference: {fileID: 0}
    - target: {fileID: 6835487322988672704, guid: 831d311bc3cc7ea4d83da5eb46fb5f7d,
        type: 3}
      propertyPath: m_LocalPosition.y
      value: 0.39
      objectReference: {fileID: 0}
    - target: {fileID: 6835487322988672704, guid: 831d311bc3cc7ea4d83da5eb46fb5f7d,
        type: 3}
      propertyPath: m_LocalPosition.z
      value: 0
      objectReference: {fileID: 0}
    - target: {fileID: 6835487322988672704, guid: 831d311bc3cc7ea4d83da5eb46fb5f7d,
        type: 3}
      propertyPath: m_LocalRotation.x
      value: 0
      objectReference: {fileID: 0}
    - target: {fileID: 6835487322988672704, guid: 831d311bc3cc7ea4d83da5eb46fb5f7d,
        type: 3}
      propertyPath: m_LocalRotation.y
      value: 0
      objectReference: {fileID: 0}
    - target: {fileID: 6835487322988672704, guid: 831d311bc3cc7ea4d83da5eb46fb5f7d,
        type: 3}
      propertyPath: m_LocalRotation.z
      value: 0
      objectReference: {fileID: 0}
    - target: {fileID: 6835487322988672704, guid: 831d311bc3cc7ea4d83da5eb46fb5f7d,
        type: 3}
      propertyPath: m_LocalRotation.w
      value: 1
      objectReference: {fileID: 0}
    - target: {fileID: 6835487322988672704, guid: 831d311bc3cc7ea4d83da5eb46fb5f7d,
        type: 3}
      propertyPath: m_RootOrder
      value: 1
      objectReference: {fileID: 0}
    - target: {fileID: 6835487322988672704, guid: 831d311bc3cc7ea4d83da5eb46fb5f7d,
        type: 3}
      propertyPath: m_LocalEulerAnglesHint.x
      value: 0
      objectReference: {fileID: 0}
    - target: {fileID: 6835487322988672704, guid: 831d311bc3cc7ea4d83da5eb46fb5f7d,
        type: 3}
      propertyPath: m_LocalEulerAnglesHint.y
      value: 0
      objectReference: {fileID: 0}
    - target: {fileID: 6835487322988672704, guid: 831d311bc3cc7ea4d83da5eb46fb5f7d,
        type: 3}
      propertyPath: m_LocalEulerAnglesHint.z
      value: 0
      objectReference: {fileID: 0}
    m_RemovedComponents: []
  m_SourcePrefab: {fileID: 100100000, guid: 831d311bc3cc7ea4d83da5eb46fb5f7d, type: 3}
--- !u!4 &2475323990711251257 stripped
Transform:
  m_CorrespondingSourceObject: {fileID: 6835487322988672704, guid: 831d311bc3cc7ea4d83da5eb46fb5f7d,
    type: 3}
  m_PrefabInstance: {fileID: 8973028147498076153}
  m_PrefabAsset: {fileID: 0}
--- !u!1001 &8973028148381927432
PrefabInstance:
  m_ObjectHideFlags: 0
  serializedVersion: 2
  m_Modification:
    m_TransformParent: {fileID: 8973028147189434723}
    m_Modifications:
    - target: {fileID: 6835487322988672705, guid: 831d311bc3cc7ea4d83da5eb46fb5f7d,
        type: 3}
      propertyPath: m_Name
      value: SlimeEnemy
      objectReference: {fileID: 0}
    - target: {fileID: 6835487322988672704, guid: 831d311bc3cc7ea4d83da5eb46fb5f7d,
        type: 3}
      propertyPath: m_LocalPosition.x
      value: 0.765
      objectReference: {fileID: 0}
    - target: {fileID: 6835487322988672704, guid: 831d311bc3cc7ea4d83da5eb46fb5f7d,
        type: 3}
      propertyPath: m_LocalPosition.y
      value: -0.88
      objectReference: {fileID: 0}
    - target: {fileID: 6835487322988672704, guid: 831d311bc3cc7ea4d83da5eb46fb5f7d,
        type: 3}
      propertyPath: m_LocalPosition.z
      value: 0
      objectReference: {fileID: 0}
    - target: {fileID: 6835487322988672704, guid: 831d311bc3cc7ea4d83da5eb46fb5f7d,
        type: 3}
      propertyPath: m_LocalRotation.x
      value: 0
      objectReference: {fileID: 0}
    - target: {fileID: 6835487322988672704, guid: 831d311bc3cc7ea4d83da5eb46fb5f7d,
        type: 3}
      propertyPath: m_LocalRotation.y
      value: 0
      objectReference: {fileID: 0}
    - target: {fileID: 6835487322988672704, guid: 831d311bc3cc7ea4d83da5eb46fb5f7d,
        type: 3}
      propertyPath: m_LocalRotation.z
      value: 0
      objectReference: {fileID: 0}
    - target: {fileID: 6835487322988672704, guid: 831d311bc3cc7ea4d83da5eb46fb5f7d,
        type: 3}
      propertyPath: m_LocalRotation.w
      value: 1
      objectReference: {fileID: 0}
    - target: {fileID: 6835487322988672704, guid: 831d311bc3cc7ea4d83da5eb46fb5f7d,
        type: 3}
      propertyPath: m_RootOrder
      value: 0
      objectReference: {fileID: 0}
    - target: {fileID: 6835487322988672704, guid: 831d311bc3cc7ea4d83da5eb46fb5f7d,
        type: 3}
      propertyPath: m_LocalEulerAnglesHint.x
      value: 0
      objectReference: {fileID: 0}
    - target: {fileID: 6835487322988672704, guid: 831d311bc3cc7ea4d83da5eb46fb5f7d,
        type: 3}
      propertyPath: m_LocalEulerAnglesHint.y
      value: 0
      objectReference: {fileID: 0}
    - target: {fileID: 6835487322988672704, guid: 831d311bc3cc7ea4d83da5eb46fb5f7d,
        type: 3}
      propertyPath: m_LocalEulerAnglesHint.z
      value: 0
      objectReference: {fileID: 0}
    m_RemovedComponents: []
  m_SourcePrefab: {fileID: 100100000, guid: 831d311bc3cc7ea4d83da5eb46fb5f7d, type: 3}
--- !u!4 &2475323992124047048 stripped
Transform:
  m_CorrespondingSourceObject: {fileID: 6835487322988672704, guid: 831d311bc3cc7ea4d83da5eb46fb5f7d,
    type: 3}
  m_PrefabInstance: {fileID: 8973028148381927432}
  m_PrefabAsset: {fileID: 0}
